 Dungeon Crawl Stone Soup version 0.29-a0-982-gaed3a0c8d8 (webtiles) character file.

Game seed: 7010385100658972495

17 MisterAzrael the Insei (level 2, -1/34 HPs)
             Began as a Djinni Transmuter on Aug 1, 2022.
             Slain by Sigmund
             ... wielding a +0 scythe of flaming
              (3 damage)
             ... on level 2 of the Dungeon.
             The game lasted 00:00:51 (1050 turns).

MisterAzrael the Insei (Djinni Transmuter)          Turns: 1050, Time: 00:00:51

Health: -1/34      AC: 21    Str:  9    XL:     2   Next: 80%
Gold:   0          EV:  2    Int: 14    God:
                   SH:  0    Dex: 13

rFire   . . .      SeeInvis .     - Unarmed
rCold   . . .      Faith    .   (no shield)
rNeg    . . .      Spirit   .   (body armour currently unavailable)
rPois   ∞          Reflect  .   (helmet currently unavailable)
rElec   .          Harm     .   (cloak currently unavailable)
rCorr   .          Rampage  .   (gloves currently unavailable)
Will    .....      NoTele   +   (boots unavailable)
Stlth   +.........              (no amulet)
HPRegen 0.11/turn               (no ring)
MPRegen 0.00/turn               (no ring)

@: tree-form
A: stationary, stasis, torment immunity, boosted hp, sickness immunity, (fire
resistance 2), (cold vulnerability 1), float, innate caster, HP casting, extra
vitality 1
a: no special abilities


You were on level 2 of the Dungeon.
You were a tree.
You visited 1 branch of the dungeon, and saw 2 of its levels.

Inventory:

Armour
 a - a +0 robe (melded)
Scrolls
 e - a scroll of fear {unknown}
Potions
 c - a potion of curing {unknown}
 d - a potion of degeneration {unknown}


   Skills:
 * Level 1.7 Fighting
 + Level 2.2 Dodging
 * Level 3.3 Unarmed Combat
 + Level 1.7 Spellcasting


You couldn't memorise any spells.
You knew the following spells:

 Your Spells              Type           Power      Damage    Failure   Level
a - Beastly Appendage     Tmut           12%        N/A       12%         1
b - Wereblood             Tmut           6%         N/A       19%         2
c - Spider Form           Tmut/Pois      6%         N/A       34%         3
d - Ice Form              Ice/Tmut       6%         N/A       75%         4
Your spell library was empty.

Dungeon Overview and Level Annotations

Branches:
Dungeon (1/15)

Altars:

Annotations:
D:2 Sigmund


Innate Abilities, Weirdness & Mutations

You are a tree.
Your roots penetrate the ground, keeping you stationary.
You cannot be teleported.
You are immune to unholy pain and torment.
Your maximum health is greatly increased.
Your equipment is partially melded.
You are immune to sickness and miasma.
You are immune to poison.
((Your flesh is very heat resistant. (rF++)))
((You are vulnerable to cold. (rC-)))
You float through the air rather than walking.
You learn spells naturally, not from books.
Your magical power is your life essence.
You have superior vitality. (+4 MHP)


Message History

The bat closely misses you. The bat barely misses you.
Sigmund hits you from afar with a +0 scythe of flaming!
Sigmund burns you. The bat barely misses you.
The bat hits you but does no damage.
Really quaff the potion of lignification?
Your horns disappear.
You turn into a tree.
Your +0 robe melds into your body.
Your roots penetrate the ground.
The bat hits you but does no damage.
You hit the bat.
You kill the bat!
The kobold throws a stone.
The stone hits you but does no damage.
You cannot move.
You cannot move.
You cannot move.
The kobold throws a stone.
The stone hits you but does no damage. Sigmund hits you but does no damage.
The kobold hits you but does no damage.
You barely miss the kobold. You punch the kobold, but do no damage.
The kobold hits you with a +0 club.
* * * LOW HITPOINT WARNING * * *
Sigmund hits you but does no damage.
You closely miss the kobold. The kobold hits you with a +0 club.
* * * LOW HITPOINT WARNING * * *
You hit the kobold.
The kobold is moderately wounded.
Sigmund hits you from afar with a +0 scythe of flaming.
* * * LOW HITPOINT WARNING * * *
Sigmund burns you.
* * * LOW HITPOINT WARNING * * *
The kobold hits you but does no damage.
You hit the kobold.
The kobold is heavily wounded.
The kobold hits you but does no damage.
Sigmund mumbles some strange words.
Sigmund flickers and vanishes!
Deactivating autopickup; reactivate with Ctrl-A.
You closely miss the kobold. You punch the kobold, but do no damage.
The kobold is heavily wounded.
The kobold hits you but does no damage. Something hits you.
You die...

### ##### ...# #.#
######### #.. #.......#
##. #.......# #.
#.......###########
#######
........{K♣(......# #...#
#
#.......#########.###...#
# #.......# #.......###
#.......# #..........
#.......# #.......###
#####+++# #.......#
#.......# #...(.###
#.....#


You could see a kobold.

Vanquished Creatures
  An adder (D:2)
  A dart slug (D:2)
  A bat (D:2)
  A giant cockroach (D:2)
  A hobgoblin (D:1)
  A frilled lizard (D:2)
  A rat (D:1)
7 creatures vanquished.

Notes
Turn   | Place    | Note
-------+----------+-------------------------------------------
     0 | D:1      | MisterAzrael the Djinni Transmuter began the quest for the
                  | Orb.
     0 | D:1      | MisterAzrael set off with the following spells memorised:
                  | Beastly Appendage, Wereblood, Spider Form, Ice Form.
     0 | D:1      | Reached XP level 1. HP: 17/17 MP: 0/0
   231 | D:1      | You are sucked into a shaft and drop 1 floor!
   308 | D:2      | Reached XP level 2. HP: 13/22 MP: 0/0
  1032 | D:2      | Noticed Sigmund
  1050 | D:2      | Slain by Sigmund

Illustrated notes

Levels and vault maps discovered:
D:1:      saegor_arrival_simple_e, layout_basic,
          chequers_ecumenical_altar_simple, minmay_pentomino_q4
D:2:      layout_basic, kennysheep_cluttered_room, minmay_misc_feat_encased,
          nicolae_concentric_dashed_squares_wild, uniq_robin, uniq_sigmund

Action                   || total
-------------------------++-------
Melee: Unarmed           ||    39
       Headbutt          ||     2
       Punch             ||     4
 Cast: Beastly Appendage ||     7
  Use: Potion            ||     1
 Stab: Sleeping          ||     2
Armor: Robe              ||    10
       Skin              ||     9
Dodge: Dodged            ||    26

Table legend: (Time is in decaauts)
 A = Elapsed time spent in this place.
 B = Non-inter-level travel time spent in this place.
 C = Inter-level travel time spent in this place.
 D = Time resting spent in this place.
 E = Time spent auto-exploring this place.
 F = Levels seen in this place.
 G = Mean time per level.
                   A        B        C        D        E       F      G
               +--------+--------+--------+--------+--------+-----+--------+
         Total |   1048 |   1048 |      0 |    590 |    372 |   2 |  524.0 |
       Dungeon |   1048 |   1048 |      0 |    590 |    372 |   2 |  524.0 |
               +--------+--------+--------+--------+--------+-----+--------+

Top non-repeatable levels by time:
     D:2: 817 daAuts
     D:1: 230 daAuts
